 Dungeon Crawl Stone Soup version 0.21-a0-228-g14ccbf3 (webtiles) character file.

191 Gruud the Chopper (level 5, -1/38 HPs)
             Began as a Demonspawn Gladiator on Aug 31, 2017.
             Slain by a river rat (2 damage)
             ... on level 3 of the Dungeon.
             The game lasted 00:04:53 (1619 turns).

Gruud the Chopper (Demonspawn Gladiator)            Turns: 1619, Time: 00:04:54

Health: -1/38      AC:  6    Str: 16    XL:     5   Next: 41%
Magic:  0/5        EV: 12    Int:  9    God:
Gold:   130        SH:  0    Dex: 14    Spells: 4/4 levels left

rFire    . . .     SeeInvis .   a - +0 hand axe (elec)
rCold    + . .     Gourm    .   (no shield)
rNeg     . . .     Faith    .   j - +0 ring mail
rPois    .         Spirit   +   (helmet restricted)
rElec    .         Reflect  .   (no cloak)
rCorr    .         Harm     .   h - +0 pair of gloves
MR       .....                  (no boots)
Stlth    +.........             (no amulet)
HPRegen  0.12/turn              (no ring)
MPRegen  0.09/turn              (no ring)

@: very slow
A: antennae 1, claws 1, cold resistance 1, magic shield
a: no special abilities


You were on level 3 of the Dungeon.
You were not hungry.

You visited 1 branch of the dungeon, and saw 3 of its levels.

You collected 130 gold pieces.

Inventory:

Hand Weapons
 a - a +0 hand axe of electrocution (weapon)
 k - a +0 war axe
 v - a +0 hunting sling
Missiles
 d - 4 throwing nets (quivered)
 l - 14 poisoned needles
 u - 55 sling bullets
Armour
 h - a +0 pair of gloves (worn)
 j - a +0 ring mail (worn)
 o - a +0 buckler
Wands
 y - a wand of flame (15/48)
Scrolls
 e - 4 scrolls of identify
 g - a scroll of amnesia {unknown}
 m - a scroll of noise {unknown}
 n - a scroll of random uselessness {unknown}
 p - a scroll of remove curse
 r - 2 scrolls of enchant weapon {unknown}
 s - a scroll of fog {unknown}
 z - a scroll of teleportation {unknown}
 C - a scroll of fear {unknown}
Potions
 q - 3 potions of heal wounds
 t - a potion of might
 w - a potion of brilliance
 x - a potion of cancellation
 A - 2 potions of curing {unknown}
Comestibles
 b - 2 meat rations
 c - 2 fruits
 f - 2 bread rations
 i - a royal jelly
 B - 2 chunks of flesh


   Skills:
 - Level 2.0 Fighting
 - Level 3.5 Axes
 - Level 1.7 Throwing
 + Level 2.6 Armour
 - Level 2.6 Dodging
 * Level 2.9 Unarmed Combat


You had 4 spell levels left.
You didn't know any spells.

Dungeon Overview and Level Annotations

Branches:
Dungeon (3/15)

Altars:
Kikubaaqudgha
Vehumet
The Shining One


Innate Abilities, Weirdness & Mutations

You have a pair of small antennae on your head.
You have sharp fingernails.
Your flesh is cold resistant. (rC+)
When hurt, damage is shared between your health and your magic reserves.


Message History

You completely miss the worm.
The worm is almost dead.
You hit the worm.
You kill the worm!
You enter the shallow water.
Moving in this stuff is going to be slow.
You feel sick.
You feel sick.
You are no longer poisoned.
Okay, then.
A river rat comes into view.
The river rat bites you.
* * * LOW HITPOINT WARNING * * *
The river rat bites you but does no damage.
You closely miss the river rat. The river rat bites you!
* * * LOW HITPOINT WARNING * * *
You closely miss the river rat.
Your unstable footing causes you to fumble your attack.
The river rat bites you.
You die...

#≈≈....#
#≈≈≈...#
###≈#....#
≈≈#≈≈≈...#
##≈#≈#≈...#
≈≈#≈≈≈≈..#
#≈#≈#≈...#
#r#≈#≈...#
#r@≈#....#
#####...##
####


You could see 2 river rats.

Vanquished Creatures
  2 hounds (D:3)
  A gnoll (D:3)
  5 adders
  2 river rats (D:3)
  2 worms
  2 dart slugs (D:1)
  A leopard gecko (D:1)
  3 giant cockroaches
  7 goblins
  2 hobgoblins (D:2)
  2 quokkas (D:2)
  10 bats
  3 frilled lizards
  3 kobolds
  11 rats
56 creatures vanquished.

Notes
Turn   | Place    | Note
-------+----------+-------------------------------------------
     0 | D:1      | Gruud the Demonspawn Gladiator began the quest for the Orb.
     0 | D:1      | Reached XP level 1. HP: 16/16 MP: 1/1
   119 | D:1      | Reached skill level 3 in Axes
   132 | D:1      | Gained mutation: When hurt, damage is shared between your health and your magic reserves. [demonic ancestry]
   132 | D:1      | Reached XP level 2. HP: 20/22 MP: 2/2
   207 | D:1      | Found a glowing golden altar of the Shining One.
   316 | D:1      | Reached skill level 1 in Armour
   690 | D:2      | Gained mutation: You have a pair of small antennae on your head. [demonic ancestry]
   690 | D:2      | Reached XP level 3. HP: 27/27 MP: 3/3
   974 | D:2      | Found a radiant altar of Vehumet.
  1180 | D:2      | Reached skill level 1 in Unarmed Combat
  1379 | D:3      | Gained mutation: You have sharp fingernails. [demonic ancestry]
  1379 | D:3      | Reached XP level 4. HP: 29/33 MP: 2/4
  1462 | D:3      | Found an ancient bone altar of Kikubaaqudgha.
  1467 | D:3      | Gained mutation: Your flesh is cold resistant. (rC+) [demonic ancestry]
  1467 | D:3      | Reached XP level 5. HP: 23/38 MP: 5/5
  1617 | D:3      | HP: 1/38 [river rat (5)]
  1619 | D:3      | Slain by a river rat

Vault maps used:
D:1:      lemuel_arrival_behind_the_door_large, minivault_25, tso_metal_star
D:2:      fiery_altar_vehumet
D:3:      kiku_gazebo_pond_becter, lightli_sewer_entry_pipes,
          minmay_misc_feat_diagonals, cheibrodos_gnoll_hut, uniq_robin

Skill      XL: |  1  2  3  4 |
---------------+-------------+-----
Axes           | 3 |  3.5
Armour         | 1 2 |  2.6
Unarmed Combat | 1 2 |  2.9
Fighting       | |  2.0
Throwing       | |  1.7
Dodging        | |  2.6

Action                   |  1- 3 |  4- 6 || total
-------------------------+-------+-------++-------
Melee: War axe           |    12 |       ||    12
       Hand axe          |    75 |    48 ||   123
  Use: Scroll            |     5 |       ||     5
  Eat: Chunk             |     1 |     1 ||     2
Armor: Leather armour    |     2 |       ||     2
       Ring mail         |    34 |    18 ||    52
Dodge: Dodged            |    48 |    23 ||    71

Table legend:
 A = Spawn XP
 B = Non-spawn XP
 C = Spawn XP percentage of total XP
 D = Spawn monster count
 E = Non-spawn monster count
 F = Spawn count percentage of total count
 G = Total turns spent on level
                    A         B        C        D         E        F      G
               +---------+---------+-------+---------+---------+-------+---------
         Total |       4 |     269 |   1.5 |       2 |      54 |   3.6 |  1619
               +---------+---------+-------+---------+---------+-------+---------
           D:1 |       0 |      29 |   0.0 |       0 |      16 |   0.0 |   626
           D:2 |       4 |      58 |   6.5 |       2 |      21 |   8.7 |   721
           D:3 |       0 |     182 |   0.0 |       0 |      17 |   0.0 |   272
               +---------+---------+-------+---------+---------+-------+---------
